 Dungeon Crawl Stone Soup version 0.28-a0-674-gdaf460b524 (webtiles) character file.

Game seed: 12116921666663546793

1002 demibob the Fighter (level 8, 0/71 HPs)
             Began as a Gnoll Wanderer on Oct 17, 2021.
             Slain by a sky beast (6 damage)
             ... on level 5 of the Dungeon.
             The game lasted 00:10:49 (5081 turns).

demibob the Fighter (Gnoll Wanderer)                Turns: 5081, Time: 00:10:50

Health: 0/71       AC:  3    Str: 12    XL:     8   Next: 20%
Magic:  12/12      EV: 13    Int: 13    God:
Gold:   170        SH:  0    Dex: 12    Spells: 13/13 levels left

rFire   . . .      SeeInvis .   i - +1 spear
rCold   + . .      Faith    .   (no shield)
rNeg    . . .      Spirit   .   e - +0 robe
rPois   .          Reflect  .   h - +0 hat
rElec   .          Harm     .   (no cloak)
rCorr   .          Rampage  .   (no gloves)
Will    .....                   r - +0 pair of boots
Stlth   ++........              o - amulet of regeneration
HPRegen 1.21/turn               C - ring of protection from cold
MPRegen 0.13/turn               (no ring)

@: no status effects
A: fangs 1, strong nose, distributed training
a: no special abilities


You were on level 5 of the Dungeon.
You visited 2 branches of the dungeon, and saw 6 of its levels.

You collected 170 gold pieces.


Innate Abilities, Weirdness & Mutations

You have very sharp teeth.
Your uncanny sense of smell can sniff out nearby items.
Your experience applies equally to all skills.


   Skills:
 + Level 9.1 Fighting
 + Level 4.0 Short Blades
 + Level 3.0 Long Blades
 + Level 3.0 Axes
 + Level 4.0 Maces & Flails
 + Level 3.0 Polearms
 + Level 3.0 Staves
 + Level 3.0 Slings
 + Level 3.0 Bows
 + Level 3.0 Crossbows
 + Level 5.5 Throwing
 + Level 3.0 Armour
 + Level 4.0 Dodging
 + Level 3.9 Stealth
 + Level 3.0 Shields
 + Level 3.0 Unarmed Combat
 + Level 3.0 Spellcasting
 + Level 2.4 Conjurations
 + Level 2.4 Hexes
 + Level 2.4 Summonings
 + Level 2.4 Necromancy
 + Level 2.4 Translocations
 + Level 2.4 Transmutations
 + Level 2.4 Fire Magic
 + Level 2.4 Ice Magic
 + Level 2.4 Air Magic
 + Level 2.4 Earth Magic
 + Level 2.4 Poison Magic
 + Level 3.3 Invocations
 + Level 3.0 Evocations


You had 13 spell levels left.
You didn't know any spells.
Your spell library contained the following spells:

 Spells                   Type           Power      Damage    Failure   Level
 Freeze                   Ice            32%        1d5       9%          1
 Ensorcelled Hibernation  Hex/Ice        16%        N/A       12%         2
 Frozen Ramparts          Ice            16%        1d3       24%         3
 Spider Form              Tmut/Pois      4%         N/A       24%         3
 Hailstorm                Conj/Ice       8%         3d4       63%         4

Inventory:

Hand Weapons
 a - a +2 dagger
 c - a +0 short sword
 i - a +1 spear (weapon)
Missiles
 b - a curare-tipped dart (quivered) {=f}
 m - 25 poisoned darts
Armour
 e - a +0 robe (worn)
 h - a +0 hat (worn)
 p - a +2 ring mail of poison resistance
 r - a +0 pair of boots (worn)
Jewellery
 o - an amulet of regeneration (around neck)
 C - a ring of protection from cold (left hand)
 F - a ring of fire
Scrolls
 d - 4 scrolls of teleportation {@r2}
 g - 4 scrolls of identify {@r1}
 j - 3 scrolls of enchant weapon
 k - a scroll of immolation
Potions
 f - a potion of resistance
 s - a potion of curing {@q1}

Dungeon Overview and Level Annotations

Branches:
Dungeon (5/15)             Temple (1/1) D:5

Altars:
Ashenzari
Cheibriados
Dithmenos
Elyvilon
Fedhas
Gozag
Hepliaklqana
Makhleb
Nemelex Xobeh
Qazlal
Ru
Sif Muna
Uskayaw
Vehumet
Xom
Yredelemnul
Zin
The Shining One
Beogh

Annotations:
D:2 Sigmund
D:3 3 runed translucent doors, exclusion: black bear, bande's ghost, amateur GrFi

∆ ### ######### ..#
#.......# ∆ ##.# #.####.##
..#.#.# #.####### ..#.#.#
#.......#
#.#.#.##########.#
#l#.#.#.. #.# ##
###@#.#.#.# #.# .#..
##.#Y#.#.#.##### ##.#
.....#.h#h#Z#.#.....#.#...
##....h{o...)...........
#.....Z.........<.(.#...
#..#....#.#.#########.##
#. #......#...........<
#.################### #.
.....


You could see a sky beast, a howler monkey, an iguana, a hound, an orc and a
bullfrog skeleton (wandering).


Message History

* * * LOW HITPOINT WARNING * * *
You completely miss the iguana.
The iguana is severely wounded.
The sky beast flickers out of sight!
Deactivating autopickup; reactivate with Ctrl-A.
Something barely misses you. The iguana barely misses you.
You closely miss the iguana.
The iguana is severely wounded.
Something hits you but does no damage.
You hit the iguana. You bite the iguana, but do no damage.
The iguana is almost dead.
The iguana misses you. Something hits you.
* * * LOW HITPOINT WARNING * * *
Something shocks you.
* * * LOW HITPOINT WARNING * * *
You closely miss the iguana.
The iguana is almost dead.
The iguana bites you!
* * * LOW HITPOINT WARNING * * *
Something hits you but does no damage.
You barely miss the iguana. Your bite misses the iguana.
The iguana is almost dead.
The iguana barely misses you.
A bullfrog skeleton comes into view.
A sky beast appears from thin air!
Reactivating autopickup.
The sky beast hits you.
* * * LOW HITPOINT WARNING * * *
The sky beast shocks you.
You die...

Skill      XL: |  1  2  3  4  5  6  7  8 |
---------------+-------------------------+-----
Invocations    | 1 2 3 |  3.3
Long Blades    | 1 2 3 |  3.0
Axes           | 1 2 3 |  3.0
Polearms       | 1 2 3 |  3.0
Staves         | 1 2 3 |  3.0
Slings         | 1 2 3 |  3.0
Bows           | 1 2 3 |  3.0
Crossbows      | 1 2 3 |  3.0
Armour         | 1 2 3 |  3.0
Shields        | 1 2 3 |  3.0
Unarmed Combat | 1 2 3 |  3.0
Spellcasting   | 1 2 3 |  3.0
Evocations     | 1 2 3 |  3.0
Conjurations   | 1 2 |  2.4
Hexes          | 1 2 |  2.4
Summonings     | 1 2 |  2.4
Necromancy     | 1 2 |  2.4
Translocations | 1 2 |  2.4
Transmutations | 1 2 |  2.4
Fire Magic     | 1 2 |  2.4
Ice Magic      | 1 2 |  2.4
Air Magic      | 1 2 |  2.4
Earth Magic    | 1 2 |  2.4
Poison Magic   | 1 2 |  2.4
Short Blades   | 3 4 |  4.0
Maces & Flails | 3 4 |  4.0
Dodging        | 3 4 |  4.0
Stealth        | 3 |  3.9
Throwing       | 5 |  5.5
Fighting       | 9 |  9.1

Action                   |  1- 3 |  4- 6 |  7- 9 || total
-------------------------+-------+-------+-------++-------
Melee: Dagger            |   120 |   119 |       ||   239
       Bite              |    15 |    19 |    11 ||    45
       Punch             |     1 |       |       ||     1
       Spear             |       |    70 |   158 ||   228
Evoke: Wand              |       |     6 |     1 ||     7
  Use: Potion            |     3 |     4 |     1 ||     8
       Scroll            |       |       |     5 ||     5
 Stab: Sleeping          |     4 |     4 |     3 ||    11
       Distracted        |       |     1 |     1 ||     2
Armor: Robe              |    14 |    19 |    26 ||    59
Dodge: Dodged            |    57 |    87 |    72 ||   216

Levels and vault maps discovered:
D:1:      ncdulo_smallfort, layout_basic, chequers_ecumenical_altar_lobes,
          minmay_split_cup_large
D:2:      layout_basic, uniq_sigmund
D:3:      layout_rooms, serial_corexii_hall, corexii_hall_statues_t,
          chequers_hall_statues_y, corexii_hall_statues_s,
          corexii_hall_statues_i, biasface_ghost_orc_armoury
D:4:      layout_cave_pools, sigmund_army, uniq_ijyb, uniq_menkaure
D:5:      layout_basic, okawaru_metal_pillars_3, minmay_temple_entry_junction_2,
          lightli_ossuary_entry_decrepit_ruins, minmay_fountain_box
Temple:   eino_narrow_crystal_temple

Notes
Turn   | Place    | Note
-------+----------+-------------------------------------------
     0 | D:1      | demibob the Gnoll Wanderer began the quest for the Orb.
     0 | D:1      | demibob set off with the following items: a +2 dagger, a
                  | curare-tipped dart {=f}, a +0 short sword, a scroll of
                  | teleportation {@r2}, a +0 robe
     0 | D:1      | Reached XP level 1. HP: 26/26 MP: 1/1
   245 | D:1      | Reached XP level 2. HP: 33/33 MP: 2/2
   724 | D:1      | Reached XP level 3. HP: 27/38 MP: 3/3
  1022 | D:1      | You fall into a shaft and drop 1 floor!
  1091 | D:2      | Reached skill level 1 in Invocations
  1436 | D:1      | Found a faded altar of an unknown god.
  1651 | D:2      | Reached skill level 1 in Long Blades
  1651 | D:2      | Reached skill level 1 in Axes
  1651 | D:2      | Reached skill level 1 in Polearms
  1651 | D:2      | Reached skill level 1 in Staves
  1651 | D:2      | Reached skill level 1 in Slings
  1651 | D:2      | Reached skill level 1 in Bows
  1651 | D:2      | Reached skill level 1 in Crossbows
  1651 | D:2      | Reached skill level 1 in Armour
  1651 | D:2      | Reached skill level 1 in Shields
  1651 | D:2      | Reached skill level 1 in Unarmed Combat
  1651 | D:2      | Reached skill level 1 in Spellcasting
  1651 | D:2      | Reached skill level 1 in Evocations
  1796 | D:2      | Reached XP level 4. HP: 20/45 MP: 5/5
  2047 | D:2      | Noticed Sigmund
  3047 | D:3      | Found a runed translucent gate.
  3047 | D:3      | Found a runed translucent gate.
  3081 | D:3      | Reached skill level 1 in Conjurations
  3081 | D:3      | Reached skill level 1 in Hexes
  3081 | D:3      | Reached skill level 1 in Summonings
  3081 | D:3      | Reached skill level 1 in Necromancy
  3081 | D:3      | Reached skill level 1 in Translocations
  3081 | D:3      | Reached skill level 1 in Transmutations
  3081 | D:3      | Reached skill level 1 in Fire Magic
  3081 | D:3      | Reached skill level 1 in Ice Magic
  3081 | D:3      | Reached skill level 1 in Air Magic
  3081 | D:3      | Reached skill level 1 in Earth Magic
  3081 | D:3      | Reached skill level 1 in Poison Magic
  3131 | D:3      | Noticed a black bear
  3214 | D:3      | Found a runed translucent gate.
  3215 | D:3      | Noticed bande's ghost (amateur GrFi)
  3487 | D:3      | Reached XP level 5. HP: 36/51 MP: 5/7
  3894 | D:4      | Noticed Ijyb
  3931 | D:4      | Killed Ijyb
  3932 | D:4      | Reached skill level 3 in Short Blades
  3932 | D:4      | Reached skill level 3 in Maces & Flails
  3932 | D:4      | Reached skill level 3 in Dodging
  3987 | D:4      | Noticed an ogre
  4102 | D:4      | Killed an ogre
  4103 | D:4      | Reached skill level 3 in Stealth
  4103 | D:4      | Reached skill level 2 in Invocations
  4103 | D:4      | Reached XP level 6. HP: 57/57 MP: 8/8
  4109 | D:4      | Noticed Menkaure
  4112 | D:4      | Killed Menkaure
  4113 | D:4      | Reached skill level 2 in Long Blades
  4113 | D:4      | Reached skill level 2 in Axes
  4113 | D:4      | Reached skill level 2 in Polearms
  4113 | D:4      | Reached skill level 2 in Staves
  4113 | D:4      | Reached skill level 2 in Slings
  4113 | D:4      | Reached skill level 2 in Bows
  4113 | D:4      | Reached skill level 2 in Crossbows
  4113 | D:4      | Reached skill level 5 in Throwing
  4113 | D:4      | Reached skill level 2 in Armour
  4113 | D:4      | Reached skill level 2 in Shields
  4113 | D:4      | Reached skill level 2 in Unarmed Combat
  4113 | D:4      | Reached skill level 2 in Spellcasting
  4113 | D:4      | Reached skill level 2 in Evocations
  4128 | D:4      | Noticed a yak
  4243 | D:4      | Noticed a yak
  4244 | D:4      | Noticed a yak
  4260 | D:4      | Killed a yak
  4261 | D:4      | Reached XP level 7. HP: 58/63 MP: 10/10
  4271 | D:4      | Killed a yak
  4272 | D:4      | Reached skill level 2 in Conjurations
  4272 | D:4      | Reached skill level 2 in Hexes
  4272 | D:4      | Reached skill level 2 in Summonings
  4272 | D:4      | Reached skill level 2 in Necromancy
  4272 | D:4      | Reached skill level 2 in Translocations
  4272 | D:4      | Reached skill level 2 in Transmutations
  4272 | D:4      | Reached skill level 2 in Fire Magic
  4272 | D:4      | Reached skill level 2 in Ice Magic
  4272 | D:4      | Reached skill level 2 in Air Magic
  4272 | D:4      | Reached skill level 2 in Earth Magic
  4272 | D:4      | Reached skill level 2 in Poison Magic
  4280 | D:4      | Killed a yak
  4281 | D:4      | Reached skill level 9 in Fighting
  4281 | D:4      | Reached skill level 3 in Invocations
  4541 | D:4      | Identified a potion of resistance
  4559 | D:5      | Entered Level 5 of the Dungeon
  4578 | D:5      | Reached XP level 8. HP: 69/71 MP: 12/12
  4596 | D:5      | Found a staircase to the Ecumenical Temple.
  4606 | Temple   | Entered the Ecumenical Temple
  4877 | D:5      | Reached skill level 4 in Short Blades
  4877 | D:5      | Reached skill level 4 in Maces & Flails
  4877 | D:5      | Reached skill level 4 in Dodging
  4956 | D:5      | Reached skill level 3 in Long Blades
  4956 | D:5      | Reached skill level 3 in Axes
  4956 | D:5      | Reached skill level 3 in Polearms
  4956 | D:5      | Reached skill level 3 in Staves
  4956 | D:5      | Reached skill level 3 in Slings
  4956 | D:5      | Reached skill level 3 in Bows
  4956 | D:5      | Reached skill level 3 in Crossbows
  4956 | D:5      | Reached skill level 3 in Armour
  4956 | D:5      | Reached skill level 3 in Shields
  4956 | D:5      | Reached skill level 3 in Unarmed Combat
  4956 | D:5      | Reached skill level 3 in Spellcasting
  4956 | D:5      | Reached skill level 3 in Evocations
  5081 | D:5      | HP: 6/71 [sky beast (3)]
  5081 | D:5      | Slain by a sky beast

Vanquished Creatures
  3 yaks (D:4)
  Menkaure (D:4)
  An ogre (D:4)
  A phantom (D:5)
  A centaur zombie (D:5)
  2 orc wizards
  Ijyb (D:4)
  3 adders
  3 gnolls
  An ufetubus (D:5)
  A worm (D:5)
  3 dart slugs
  17 orcs
  4 ball pythons
  5 endoplasms
  3 giant cockroaches
  7 goblins
  8 hobgoblins
  3 jackals (D:3)
  2 quokkas (D:1)
  2 bats
  6 frilled lizards
  4 kobolds (D:1)
  A quokka skeleton (D:4)
  6 rats
89 creatures vanquished.

Table legend: (Time is in decaauts)
 A = Elapsed time spent in this place.
 B = Non-inter-level travel time spent in this place.
 C = Inter-level travel time spent in this place.
 D = Time resting spent in this place.
 E = Time spent auto-exploring this place.
 F = Levels seen in this place.
 G = Mean time per level.
                   A        B        C        D        E       F      G
               +--------+--------+--------+--------+--------+-----+--------+
         Total |   5029 |   4809 |    220 |   1089 |   2638 |   6 |  838.2 |
       Dungeon |   4837 |   4631 |    206 |   1089 |   2471 |   5 |  967.4 |
        Temple |    191 |    177 |     14 |      0 |    167 |   1 |  191.0 |
               +--------+--------+--------+--------+--------+-----+--------+

Top non-repeatable levels by time:
     D:1: 2098 daAuts
     D:2: 999 daAuts
     D:3: 749 daAuts
     D:4: 665 daAuts
     D:5: 324 daAuts
  Temple: 191 daAuts

Table legend:
 A = Non-vault XP
 B = Vault XP
 C = Vault XP percentage of total XP
 D = Non-vault monster count
 E = Vault monster count
 F = Vault count percentage of total count
                 A         B        C        D         E       F
            +---------+---------+-------+---------+---------+-------
      Total |    1204 |     228 |  15.9 |      79 |      10 |  11.2
            +---------+---------+-------+---------+---------+-------
        D:1 |      55 |       7 |  11.3 |      25 |       4 |  13.8
        D:2 |      67 |       0 |   0.0 |      15 |       0 |   0.0
        D:3 |      57 |       0 |   0.0 |      10 |       0 |   0.0
        D:4 |     777 |     221 |  22.1 |      13 |       6 |  31.6
        D:5 |     248 |       0 |   0.0 |      16 |       0 |   0.0
            +---------+---------+-------+---------+---------+-------
